 Dungeon Crawl Stone Soup version 0.27.1 (webtiles) character file.

Game seed: 4854461312394954224

32 ZARRMARR the Shooter (level 3, -7/30 HPs)
             Began as a Deep Elf Hunter on Sept 1, 2021.
             Mangled by an iron imp (8 damage)
             ... summoned by Natasha
             ... on level 2 of the Dungeon.
             The game lasted 00:03:21 (1088 turns).

ZARRMARR the Shooter (Deep Elf Hunter)              Turns: 1088, Time: 00:03:23

Health: -7/30      AC:  3    Str:  9    XL:     3   Next: 10%
Magic:  5/5        EV: 12    Int: 16    God:
Gold:   77         SH:  0    Dex: 15    Spells: 2/2 levels left

rFire    . . .     SeeInvis .   a - +1 shortbow
rCold    . . .     Faith    .   (shield currently unavailable)
rNeg     . . .     Spirit   .   c - +0 leather armour
rPois    .         Reflect  .   (no helmet)
rElec    .         Harm     .   (no cloak)
rCorr    .         Rampage  .   (no gloves)
Will     .....                  (no boots)
Stlth    ..........             (no amulet)
HPRegen  0.10/turn              (no ring)
MPRegen  0.09/turn              (no ring)

@: berserking, lethally poisoned (-7 -> -9), attractive, very quick
A: no striking features
a: no special abilities


You were on level 2 of the Dungeon.
You visited 1 branch of the dungeon, and saw 2 of its levels.

You collected 77 gold pieces.

Inventory:

Hand Weapons
 a - a +1 shortbow (weapon)
 g - a +1 mace of protection
Missiles
 d - 19 arrows (quivered ammo)
Armour
 c - a +0 leather armour (worn)
Scrolls
 e - a scroll of enchant weapon {unknown}
 j - a scroll of identify {unknown}
 k - a scroll of enchant armour {unknown}
Potions
 b - a potion of attraction
 f - a potion of berserk rage
 h - a potion of heal wounds {unknown}
 i - a potion of ambrosia {unknown}


   Skills:
 - Level 1.5 Fighting
 + Level 6.5 Bows
 + Level 2.6 Dodging
 + Level 1.5 Stealth


You had 2 spell levels left.
You didn't know any spells.
Your spell library was empty.

Dungeon Overview and Level Annotations

Branches:
Dungeon (2/15)

Altars:

Annotations:
D:2 Natasha


Message History

Aim: Natasha (almost dead, 56% to hit)
You shoot an arrow. The arrow hits the adder.
The adder is lightly wounded.
Unknown command.
Fire: 22 arrows
Press: ? - help, Q - select action Shift-Dir - straight line, f/p - Natasha
Aim: Natasha (almost dead, 56% to hit)
You shoot an arrow. The arrow hits the adder.
The adder is lightly wounded.
Natasha mumbles some strange words.
Fire: 21 arrows
Press: ? - help, Q - select action Shift-Dir - straight line, f/p - Natasha
Aim: Natasha (almost dead, 56% to hit)
You shoot an arrow. The arrow barely misses the adder.
The arrow barely misses Natasha.
The arrow closely misses the shadow imp.
The adder barely misses you. The adder bites you.
You are poisoned.
The adder poisons you!
Fire: 20 arrows
Press: ? - help, Q - select action Shift-Dir - straight line, f/p - Natasha
Aim: Natasha (almost dead, 56% to hit)
You shoot an arrow. The arrow hits the adder!
The adder is almost dead.
You feel sick. The shadow imp hits you. The adder bites you.
* * * LOW HITPOINT WARNING * * *
Natasha casts a spell.
It was a potion of attraction.
You feel attractive to monsters.
* * * LOW HITPOINT WARNING * * *
You feel sick. The shadow imp hits you.
* * * LOW HITPOINT WARNING * * *
The adder barely misses you. The iron imp is pulled toward you!
It was a potion of berserk rage.
A red film seems to cover your vision as you go berserk!
You feel yourself moving faster!
You feel mighty!
* * * LOW HITPOINT WARNING * * *
You feel sick. The shadow imp closely misses you.
The adder bites you but does no damage. The iron imp hits you!
You die...

##### ....#########
..........## ####
#..#.#5#.#.#.#.# #...
(.(((hS@.......## #...
(.#.#5#5#.#.#.#.### #...
...............###...
#.#.#.#.#.#.#.#...##...
....................#...
#.#.#.#.#.#.#.#.#...#...
.................#...
#.#.#.#.#.#.#.#.#......
....................#...


You could see an iron imp (summoned), Natasha, an adder and 2 shadow imps.

Vanquished Creatures
  A worm (D:2)
  6 endoplasms
  3 goblins
  2 hobgoblins
  3 jackals (D:1)
  2 ball pythons
  3 bats
  2 frilled lizards (D:1)
  A kobold (D:1)
  3 rats (D:1)
26 creatures vanquished.

Notes
Turn   | Place    | Note
-------+----------+-------------------------------------------
     0 | D:1      | ZARRMARR the Deep Elf Hunter began the quest for the Orb.
     0 | D:1      | Reached XP level 1. HP: 12/12 MP: 3/3
   129 | D:1      | Reached XP level 2. HP: 16/16 MP: 4/4
   170 | D:1      | Reached skill level 6 in Bows
  1044 | D:2      | Reached XP level 3. HP: 20/20 MP: 5/5
  1078 | D:2      | Noticed Natasha
  1087 | D:2      | HP: 1/20 [shadow imp[Natasha] (1)]
  1088 | D:2      | Mangled by an iron imp

Illustrated notes

Levels and vault maps discovered:
D:1:      roderic_octagonal_star, layout_basic
D:2:      layout_rooms, hex_large, uniq_natasha

Skill      XL: |  1  2 |
---------------+-------+-----
Bows           | 6 |  6.5
Fighting       | |  1.5
Dodging        | |  2.6
Stealth        | |  1.5

Action                   || total
-------------------------++-------
 Fire: Shortbow          ||    65
  Use: Potion            ||     2
Armor: Leather armour    ||     2
Dodge: Dodged            ||     5
